 Dungeon Crawl Stone Soup version 0.22.1-2-g9c5b331 (webtiles) character file.

8937 Lilu the Nimble (level 11, -2/66 HPs)
             Began as a Deep Elf Skald on Nov 27, 2018.
             Was a High Priest of Okawaru.
             Slain by a spiny frog (14 damage)
             ... on level 2 of the Lair of Beasts.
             The game lasted 01:09:21 (14979 turns).

Lilu the Nimble (Deep Elf Skald)                   Turns: 14979, Time: 01:09:22

Health: -2/66      AC: 10    Str: 11    XL:     11   Next: 16%
Magic:  1/32       EV: 18    Int: 19    God:    Okawaru [*****.]
Gold:   427        SH:  0    Dex: 14    Spells: 13/24 levels left

rFire    + . .     SeeInvis .   j - +2 falchion (holy)
rCold    + + .     Gourm    .   (no shield)
rNeg     + . .     Faith    +   X - +2 ring mail {rF+}
rPois    .         Spirit   .   P - +0 hat "Buor" {rC++ rN+ Stlth-}
rElec    .         Reflect  .   (no cloak)
rCorr    .         Harm     .   O - +0 pair of gloves
MR       +....                  m - +0 pair of boots
Stlth    ..........             E - amulet of faith
HPRegen  0.21/turn              s - ring of magical power
MPRegen  0.23/turn              v - +3 ring of evasion

@: infused
A: no striking features
a: Heroism, Finesse, Renounce Religion


You were on level 2 of the Lair of Beasts.
You worshipped Okawaru.
Okawaru was extremely pleased with you.
You were hungry.

You visited 3 branches of the dungeon, and saw 12 of its levels.

You collected 587 gold pieces.
You spent 160 gold pieces at shops.

Inventory:

Hand Weapons
 j - a +2 falchion of holy wrath (weapon)
 J - the +2 short sword "Lureohak" {drain, +Fly rC+ Str+3}
   (You found it on level 4 of the Dungeon)

   A truly terrible weapon, it drains the life of those it strikes.
   It affects your strength (+3).
   It protects you from cold.
   It lets you fly.
 S - a +0 shortbow
Missiles
 a - 3 javelins
 f - 8 javelins of returning
 i - 3 poisoned tomahawks (quivered)
 k - 38 poisoned needles
 n - 108 arrows
 p - 80 sling bullets
 A - 6 curare-tipped needles
 I - 6 needles of confusion
 R - 14 tomahawks
Armour
 m - a +0 pair of boots (worn)
 K - a +0 scale mail
 O - a +0 pair of gloves (worn)
 P - the +0 hat "Buor" (worn) {rC++ rN+ Stlth-}
   (Okawaru gifted it to you on level 1 of the Lair of Beasts)

   It greatly protects you from cold.
   It protects you from negative energy.
   It makes you less stealthy.
 X - a +2 ring mail of fire resistance (worn)
Jewellery
 s - a ring of magical power (left hand)
 v - a +3 ring of evasion (right hand)
 E - an amulet of faith (around neck)
 M - an uncursed ring of see invisible
 N - an uncursed ring of ice
 V - an uncursed ring of positive energy
Wands
 g - a wand of flame (10)
 C - a wand of polymorph (9)
 G - a wand of clouds (6)
Scrolls
 e - 3 scrolls of magic mapping
 l - 3 scrolls of fog
 o - 2 scrolls of immolation {unknown}
 r - 2 scrolls of enchant weapon {unknown}
 t - a scroll of random uselessness {unknown}
 u - 6 scrolls of teleportation
 y - 5 scrolls of enchant armour
 B - a scroll of blinking {unknown}
 Q - a scroll of silence {unknown}
 T - a scroll of acquirement {unknown}
 W - a scroll of remove curse
 Y - 3 scrolls of identify
Potions
 c - 2 potions of brilliance
 h - a potion of flight {unknown}
 q - a potion of lignification {unknown}
 w - 3 potions of curing
 x - 2 potions of ambrosia
 z - a potion of invisibility {unknown}
 D - a potion of magic {unknown}
 H - 3 potions of might {unknown}
 L - a potion of mutation {unknown}
 U - 2 potions of heal wounds
 Z - 2 potions of degeneration {unknown}
Comestibles
 d - 18 rations


   Skills:
 + Level 6.4 Fighting
 * Level 7.4 Long Blades
 + Level 6.2 Armour
 + Level 9.4 Dodging
 - Level 7.0 Spellcasting
 + Level 4.7 Hexes
 - Level 8.1 Charms
 - Level 4.0 Invocations


You had 13 spell levels left.
You knew the following spells:

 Your Spells              Type           Power        Failure   Level  Hunger
a - Infusion              Chrm           ####         1%          1    None
b - Shroud of Golubria    Chrm/Tloc      ###.......   6%          2    None
c - Song of Slaying       Chrm           #####...     1%          2    None
d - Spectral Weapon       Hex/Chrm       ####....     4%          3    #......
e - Regeneration          Chrm/Necr      ###.......   12%         3    #......

Your spell library contained the following spells:

 Spells                   Type           Power        Failure   Level  Hunger


Dungeon Overview and Level Annotations

Branches:
Dungeon (9/15)             Temple (1/1) D:4            Lair (2/6) D:9
  Swamp: Lair:2-4    Shoals: Lair:2-4     Snake: Lair:2-4    Spider: Lair:2-4
    Orc: D:9-12

Altars:
Ashenzari
Cheibriados
Dithmenos
Elyvilon
Fedhas
Gozag
Hepliaklqana
Kikubaaqudgha
Makhleb
Nemelex Xobeh
Okawaru
Qazlal
Ru
Sif Muna
Trog
Uskayaw
Vehumet
Wu Jian
Xom
Yredelemnul
Zin
The Shining One

Shops:
D:6 *   D:8 :!

Annotations:
D:8 exclusion: 2 downstairs
D:9 Gastronok
Lair:1 1 runed door, emiel's ghost, journeyman CeIE


Message History

Confirm with . or Enter, or press ? or * to list all spells.
You draw out your weapon's spirit!
The spiny frog misses you.
You hit the spiny frog.
The spiny frog is heavily wounded.
Your spectral weapon closely misses the spiny frog.
The spiny frog barely misses you.
You hit the spiny frog.
The spiny frog is severely wounded.
Your spectral weapon hits the spiny frog!
The spiny frog barely misses you.
You hit the spiny frog.
The spiny frog is almost dead.
Your spectral weapon barely misses the spiny frog.
The spiny frog stings you!!
* * * LOW HITPOINT WARNING * * *
You are lethally poisoned!
The spiny frog poisons you!
Your shroud falls apart!
You feel better. The spiny frog misses you. The spiny frog stings you!
You die...

##................###..#
##.................#...##
.......................##
..#................##...#
.#..#...............#...#
...#................##....
P..##....(..........##....
##...F..........#..#PP
##..@............####
#.#<..........#.#
####............#
######........ ###.##...
## #..


You could see a spiny frog and a friendly spectral falchion of holy wrath.

Vanquished Creatures
  Urug (Lair:2)
  An ugly thing (D:9)
  Maurice (D:7)
  3 spiny frogs
  2 komodo dragons
  2 blink frogs
  A hornet (D:8)
  A hippogriff (Lair:1)
  Sigmund (D:3)
  11 yaks
  Eustachio (D:4)
  A basilisk (Lair:1)
  4 water moccasins
  2 orc warriors (D:9)
  2 sky beasts
  5 ogres
  3 wolves (Lair:1)
  5 crocodiles
  A centaur (D:6)
  A big kobold (D:9)
  A bullfrog (Lair:2)
  A water moccasin skeleton (D:4)
  A scorpion (D:4)
  2 howler monkeys
  4 crimson imps
  A hound (D:4)
  3 bullfrog zombies
  A jelly (D:7)
  2 centaur skeletons
  4 orc priests
  7 orc wizards
  A bullfrog skeleton (D:7)
  Natasha (thrice) (D:3)
  An iguana (D:7)
  4 worker ants
  A hound zombie (D:6)
  A hound skeleton (D:5)
  3 worker ant zombies
  A gnoll (D:6)
  14 adders
  An adder zombie (D:6)
  3 adder skeletons (D:6)
  A worm (D:2)
  2 dart slugs (D:2)
  3 leopard geckos
  26 orcs
  6 bats
  10 giant cockroaches
  9 goblins
  3 hobgoblins
  5 jackals
  2 quokkas
  3 ball pythons
  2 frilled lizards
  A giant cockroach zombie (D:6)
  2 gnoll zombies (D:5)
  A jackal skeleton (D:6)
  9 kobolds
  A leopard gecko skeleton (D:6)
  7 rats
202 creatures vanquished.

Vanquished Creatures (others)
  A bush (Lair:1)
  4 fungi (Lair:2)
  2 plants
  6 spectral weapons
13 creatures vanquished.

Grand Total: 215 creatures vanquished

Notes
Turn   | Place    | Note
-------+----------+-------------------------------------------
     0 | D:1      | Lilu the Deep Elf Skald began the quest for the Orb.
     0 | D:1      | Reached XP level 1. HP: 12/12 MP: 6/6
   338 | D:1      | Reached XP level 2. HP: 16/17 MP: 4/8
   367 | D:1      | Learned a level 2 spell: Shroud of Golubria
   481 | D:1      | Reached skill level 1 in Armour
  1380 | D:2      | Reached XP level 3. HP: 11/21 MP: 6/9
  1961 | D:2      | Reached skill level 3 in Dodging
  2418 | D:3      | Found a glowing golden altar of the Shining One.
  2418 | D:3      | Noticed Natasha
  2438 | D:3      | Reached XP level 4. HP: 21/26 MP: 11/11
  2522 | D:3      | Killed Natasha
  2522 | D:3      | Reached skill level 5 in Charms
  2558 | D:3      | Noticed Natasha
  2854 | D:3      | Killed Natasha
  3028 | D:3      | Noticed Natasha
  3044 | D:3      | Killed Natasha
  3044 | D:3      | Reached XP level 5. HP: 30/30 MP: 12/12
  3353 | D:3      | Found a glowing golden altar of the Shining One.
  3443 | D:3      | Noticed Sigmund
  3542 | D:3      | Learned a level 2 spell: Song of Slaying
  3617 | D:3      | Killed Sigmund
  3617 | D:3      | Reached skill level 4 in Dodging
  3617 | D:3      | Reached XP level 6. HP: 2/36 MP: 14/14
  4395 | D:5      | Entered Level 5 of the Dungeon
  4447 | D:4      | Noticed Eustachio
  4625 | D:4      | Reached XP level 7. HP: 31/40 MP: 16/16
  4675 | D:4      | Reached skill level 5 in Spellcasting
  4805 | D:4      | Found a staircase to the Ecumenical Temple.
  4812 | Temple   | Entered the Ecumenical Temple
  5331 | D:4      | Killed Eustachio
  5683 | D:4      | Got a shimmering short sword
  5789 | D:4      | Identified the +2 short sword "Lureohak" {drain, +Fly rC+
                  | Str+3} (You found it on level 4 of the Dungeon)
  5851 | D:5      | Found an iron altar of Okawaru.
  5926 | D:5      | Became a worshipper of Warmaster Okawaru
  5950 | D:5      | Found a white marble altar of Elyvilon.
  6001 | D:5      | Learned a level 3 spell: Spectral Weapon
  6005 | D:5      | Learned a level 3 spell: Regeneration
  6187 | D:5      | Reached skill level 5 in Dodging
  6430 | D:5      | Found a basalt altar of Yredelemnul.
  6671 | D:6      | Reached XP level 8. HP: 35/46 MP: 18/18
  6763 | D:6      | Reached * piety under Okawaru
  7016 | D:6      | Found a burning altar of Makhleb.
  7016 | D:6      | Noticed a blizzard demon
  7019 | D:6      | Noticed a smoke demon
  7019 | D:6      | Noticed a smoke demon
  7048 | D:6      | Found Neli's Assorted Antiques.
  7622 | D:6      | Found a sacrificial altar of Ru.
  7937 | D:6      | Found a bloodstained altar of Trog.
  8154 | D:7      | Reached skill level 6 in Dodging
  8466 | D:8      | Noticed a hornet
  8503 | D:8      | Reached ** piety under Okawaru
  8543 | D:8      | Found a white marble altar of Elyvilon.
  8544 | D:8      | Found a stormy altar of Qazlal.
  8547 | D:8      | Found a blossoming altar of Fedhas.
  8547 | D:8      | Found a hide-covered altar of Uskayaw.
  8561 | D:9      | Found a staircase to the Lair.
  8746 | D:9      | Noticed Gastronok
  8752 | D:8      | Noticed Maurice
  9273 | D:7      | Killed Maurice
  9273 | D:7      | Reached skill level 5 in Long Blades
  9273 | D:7      | Reached skill level 1 in Invocations
  9273 | D:7      | Reached XP level 9. HP: 51/51 MP: 17/20
  9371 | D:8      | Reached *** piety under Okawaru
  9525 | D:8      | Found a snail-covered altar of Cheibriados.
  9525 | D:8      | Found a hazy altar of Hepliaklqana.
  9665 | D:8      | Found Fiotsos's Distillery.
  9874 | D:8      | Bought a potion of heal wounds for 80 gold pieces
  9874 | D:8      | Bought a potion of heal wounds for 80 gold pieces
 10011 | D:8      | Found Folasip's Book Boutique.
 10413 | D:9      | Reached skill level 7 in Dodging
 10717 | D:9      | Reached skill level 5 in Fighting
 10779 | D:9      | Found a shimmering altar of Xom.
 11256 | D:9      | Reached skill level 5 in Armour
 11309 | D:9      | Noticed a cyan ugly thing
 11617 | D:9      | Killed a cyan ugly thing
 11617 | D:9      | Received a gift from Okawaru
 11617 | D:9      | Reached **** piety under Okawaru
 11617 | D:9      | Reached skill level 8 in Dodging
 12115 | D:9      | Reached XP level 10. HP: 53/59 MP: 18/21
 12154 | D:9      | Reached skill level 1 in Hexes
 12345 | Lair:1   | Entered Level 1 of the Lair of Beasts
 12345 | Lair:1   | Noticed a spiny frog
 12361 | D:9      | Killed a spiny frog
 12655 | Lair:1   | Noticed a spiny frog
 12669 | Lair:1   | Killed a spiny frog
 12814 | Lair:1   | Found a runed door.
 12814 | Lair:1   | Noticed emiel's ghost (journeyman CeIE)
 13486 | Lair:1   | Reached ***** piety under Okawaru
 13604 | Lair:1   | Reached skill level 9 in Dodging
 13915 | Lair:2   | Noticed an eight-headed hydra
 13975 | Lair:2   | Noticed a spiny frog
 13990 | Lair:1   | Killed a spiny frog
 13990 | Lair:1   | Received a gift from Okawaru
 13993 | Lair:1   | Got a fine hat {god gift}
 13999 | Lair:1   | Identified the +0 hat "Buor" {rC++ rN+ Stlth-} (Okawaru
                  | gifted it to you on level 1 of the Lair of Beasts)
 14138 | Lair:2   | Noticed Urug
 14153 | Lair:1   | HP: 2/60 [blink frog (15)]
 14159 | Lair:1   | Reached XP level 11. HP: 4/64 MP: 19/23
 14927 | Lair:2   | Killed Urug
 14979 | Lair:2   | Slain by a spiny frog

Skill      XL: |  1  2  3  4  5  6  7  8  9 10 |
---------------+-------------------------------+-----
Long Blades    | 2 3 4 5 6 7 |  7.4
Armour         | 1 2 3 4 5 6 |  6.2
Fighting       | 2 3 4 5 6 |  6.4
Dodging        | 3 4 5 6 8 9 |  9.4
Charms         | 5 6 8 |  8.1
Spellcasting   | 4 5 6 7 |  7.0
Invocations    | 1 2 4 |  4.0
Hexes          | 4 |  4.7

Action                   |  1- 3 |  4- 6 |  7- 9 | 10-12 || total
-------------------------+-------+-------+-------+-------++-------
Melee: Falchion          |    88 |    82 |   348 |   186 ||   704
       Unarmed           |       |    18 |     7 |       ||    25
       Punch             |       |       |       |     2 ||     2
 Cast: Infusion          |    24 |    15 |    49 |    27 ||   115
       Shroud of Golubri |     4 |    14 |    50 |    31 ||    99
       Song of Slaying   |       |     2 |    11 |     2 ||    15
       Spectral Weapon   |       |       |    20 |    31 ||    51
       Regeneration      |       |       |     5 |     5 ||    10
Invok: Heroism           |       |       |     2 |     8 ||    10
       Finesse           |       |       |       |     1 ||     1
  Use: Scroll            |       |       |    13 |       ||    13
       Potion            |       |       |     4 |     3 ||     7
 Stab: Confused          |       |     1 |       |       ||     1
       Sleeping          |       |     1 |       |       ||     1
       Distracted        |       |       |     2 |     3 ||     5
  Eat: Chunk             |     5 |     7 |    13 |     5 ||    30
       Ration            |       |       |     4 |     1 ||     5
Armor: Leather armour    |    32 |    12 |    45 |       ||    89
       Skin              |       |     3 |     2 |       ||     5
       Ring mail         |       |       |    38 |    28 ||    66
Dodge: Dodged            |   103 |    97 |   346 |   139 ||   685
       Rpst.: Falchion   |    31 |    18 |    98 |    46 ||   193
